 Dungeon Crawl Stone Soup version 0.24-a0-115-gd155597 (console) character file.

Game seed: 12128734289174412166

145 Duffy the Chopper (level 5, 43/45 HPs)
             Began as a Naga Gladiator on Feb 16, 2019.
             Was a Plaything of Xom.
             Quit the game on level 2 of the Dungeon.
             The game lasted 00:01:39 (2310 turns).

Duffy the Chopper (Naga Gladiator)                  Turns: 2310, Time: 00:01:40

Health: 43/45      AC:  6    Str: 16    XL:     5   Next: 27%
Magic:  4/5        EV:  8    Int:  9    God:    Xom [..*...]
Gold:   49         SH:  0    Dex: 13    Spells: 4/4 levels left

rFire    . . .     SeeInvis +   a - +0 war axe
rCold    . . .     Gourm    .   (no shield)
rNeg     . . .     Faith    .   m - +0 scale mail
rPois    +         Spirit   +   c - +0 helmet
rElec    .         Reflect  .   j - +0 cloak
rCorr    .         Harm     .   (no gloves)
MR       .....                  (no barding)
Stlth    ..........             p - amulet of guardian spirit
HPRegen  0.15/turn              (no ring)
MPRegen  0.09/turn              (no ring)

@: very slow
A: large, see invisible, deformed body, poison resistance, slowness 2, slow
metabolism 1, spit poison 1, AC +1
a: Spit Poison, Renounce Religion


You were on level 2 of the Dungeon.
You worshipped Xom.
You were a toy of Xom.
You were not hungry.

You visited 1 branch of the dungeon, and saw 2 of its levels.

You collected 49 gold pieces.

Inventory:

Hand Weapons
 a - a +0 war axe (weapon)
Missiles
 d - 3 throwing nets (quivered)
Armour
 c - a +0 helmet (worn)
 j - a +0 cloak (worn)
 m - a +0 scale mail (worn)
Jewellery
 p - an amulet of guardian spirit (around neck)
Scrolls
 b - a scroll of identify {unknown}
 e - 2 scrolls of enchant armour {unknown}
 g - a scroll of fear {unknown}
 h - a scroll of remove curse {unknown}
 i - 2 scrolls of teleportation {unknown}
 l - a scroll of amnesia {unknown}
 n - 2 scrolls of magic mapping {unknown}
Potions
 o - a potion of curing {unknown}
Comestibles
 f - 3 rations
 k - a chunk of flesh


   Skills:
 - Level 2.0 Fighting
 + Level 5.8 Axes
 - Level 1.7 Throwing
 - Level 2.4 Dodging


You had 4 spell levels left.
You didn't know any spells.
Your spell library was empty.

Dungeon Overview and Level Annotations

Branches:
Dungeon (2/15)

Altars:
Xom


Innate Abilities, Weirdness & Mutations

You cannot wear boots.
Your serpentine skin is tough. (AC +1)
You have supernaturally acute eyesight. (SInv)
Armour fits poorly on your strangely shaped body.
Your system is resistant to poisons. (rPois)
You cover ground very slowly.
You have a slow metabolism.
You can spit poison.


Message History

Found a faded altar of an unknown god.
A hobgoblin comes into view. It is wielding a +0 club.
Found an inky potion.
A hobgoblin is nearby!
You closely miss the hobgoblin. The hobgoblin hits you with a +0 club.
You hit the hobgoblin.
The hobgoblin is moderately wounded.
The hobgoblin completely misses you.
You hit the hobgoblin.
You kill the hobgoblin!
No target in view!
No target in view!
No target in view!
No target in view!
You see here a +0 club.
There is a faded altar of an unknown god here.
You cannot tell which god this altar belongs to.
Convert to them anyway?
Xom accepts your prayer! Xom welcomes you!
Are you sure you want to abandon this character and quit the game? (Confirm with "yes".)

#####+### #
#.#.# #. #.#.#
#. #.#.#
###.##.#.#
#......#.#####.
#..#...#.......
#@#........!.
#...#..)..#
#.......#.#
#.##.#..#.#
#.......#.#
#########.######
#...........#
#.####.####.#
#.#.......#.#


There were no monsters in sight!

Vanquished Creatures
  A bullfrog skeleton (D:2)
  Terence (D:2)
  4 adders (D:2)
  An ooze (D:2)
  5 bats
  7 goblins
  7 hobgoblins
  4 jackals (D:1)
  3 ball pythons
  6 frilled lizards
  10 kobolds
  6 rats
55 creatures vanquished.

Notes
Turn   | Place    | Note
-------+----------+-------------------------------------------
     0 | D:1      | Duffy the Naga Gladiator began the quest for the Orb.
     0 | D:1      | Reached XP level 1. HP: 19/19 MP: 1/1
   169 | D:1      | Reached XP level 2. HP: 22/26 MP: 2/2
   361 | D:1      | Reached skill level 4 in Axes
   518 | D:1      | Reached XP level 3. HP: 8/32 MP: 3/3
  1305 | D:2      | Noticed Terence
  1315 | D:2      | Killed Terence
  1315 | D:2      | Reached XP level 4. HP: 15/39 MP: 4/4
  1458 | D:2      | Reached skill level 5 in Axes
  1715 | D:2      | Reached XP level 5. HP: 36/45 MP: 5/5
  2300 | D:2      | Found a faded altar of an unknown god.
  2309 | D:2      | Became a worshipper of Xom of Chaos
  2310 | D:2      | Quit the game

Levels and vault maps discovered:
D:1:      dpeg_arrival_leaves_temple_mockup, layout_rooms, serial_glass,
          glass_columns_c, glass_columns_b, minmay_tetromino_l4
D:2:      layout_basic, chequers_ecumenical_altar_simple, first_ration,
          uniq_terence

Skill      XL: |  1  2  3  4 |
---------------+-------------+-----
Axes           | 4 5 |  5.8
Fighting       | |  2.0
Throwing       | |  1.7
Dodging        | |  2.4

Action                   |  1- 3 |  4- 6 || total
-------------------------+-------+-------++-------
Melee: War axe           |    83 |    62 ||   145
 Abil: Spit Poison       |     3 |     4 ||     7
  Eat: Chunk             |     1 |     2 ||     3
Armor: Leather armour    |    50 |     2 ||    52
       Scale mail        |       |    27 ||    27
Dodge: Dodged            |    78 |    45 ||   123

Table legend:
 A = Non-vault XP
 B = Vault XP
 C = Vault XP percentage of total XP
 D = Non-vault monster count
 E = Vault monster count
 F = Vault count percentage of total count
                 A         B        C        D         E       F
            +---------+---------+-------+---------+---------+-------
      Total |     171 |      37 |  17.8 |      53 |       2 |   3.6
            +---------+---------+-------+---------+---------+-------
        D:1 |      38 |       1 |   2.6 |      25 |       1 |   3.8
        D:2 |     133 |      36 |  21.3 |      28 |       1 |   3.4
            +---------+---------+-------+---------+---------+-------
